 Dungeon Crawl Stone Soup version 0.31-a0-1-g4198be8af4 (webtiles) character file.

Game seed: 11308527500837397410

581 Jeffwins the Purveyor of Pain (level 7, 0/45 HPs)
             Began as an Octopode Necromancer on May 2, 2023.
             Was an Initiate of Kikubaaqudgha.
             Slain by an ufetubus (5 damage)
             ... on level 4 of the Dungeon.
             The game lasted 00:06:25 (3584 turns).

Jeffwins the Purveyor of Pain (OpNe)                Turns: 3584, Time: 00:06:26

Health: 0/45       AC:  1    Str:  7    XL:     7   Next: 36%
Magic:  9/13       EV: 14    Int: 19    God:    Kikubaaqudgha [......]
Gold:   128        SH:  5    Dex: 13    Spells: 10/14 levels left

rFire   . . .        a - +1 dagger (drain)
rCold   . . .        (no shield)
rNeg    . . .        (helmet restricted)
rPois   .            s - amulet of reflection
rElec   .            (no ring)
rCorr   .            (no ring)
SInv    .            (no ring)
Will    .....        (no ring)
Stlth   ++++         (no ring)
HPRegen 0.27/turn    (no ring)
MPRegen 0.13/turn    (no ring)
                     (no ring)

%: reflection
@: no status effects
A: almost no armour, amphibious, 8 rings, camouflage 1, gelatinous body 1,
(nimble swimmer 1), tentacles
a: Renounce Religion


You were on level 4 of the Dungeon.
You worshipped Kikubaaqudgha.
Kikubaaqudgha was noncommittal.
You visited 2 branches of the dungeon, and saw 6 of its levels.

You collected 128 gold pieces.


Innate Abilities, Weirdness & Mutations

You cannot wear most types of armour.
You are amphibious.
You can wear up to eight rings at the same time.
Your skin changes colour to match your surroundings (Stealth+).
Your rubbery body absorbs attacks. (AC +1, EV +1)
((You are camouflaged when in or above water. (Stealth+)))
You have tentacles for arms and can constrict up to eight enemies at once.


   Skills:
 + Level 2.2 Fighting
 + Level 3.3 Dodging
 + Level 4.8 Stealth
 * Level 4.1 Spellcasting
 * Level 5.5 Necromancy
 + Level 2.1 Evocations


You had 10 spell levels left.
You knew the following spells:

 Your Spells              Type           Power      Damage    Failure   Level
x - Vampiric Draining     Necr           24%        2d7       4%          3
z - Necrotise             Necr           96%        1d8       1%          1

Your spell library contained the following spells:

 Spells                   Type           Power      Damage    Failure   Level
 Shock                    Conj/Air       12%        1d3       14%         1
 Animate Dead             Necr           24%        N/A       14%         4
 Agony                    Necr           24%        N/A       36%         5
 Swiftness                Air            3%         N/A       38%         3
 Airstrike                Air            1%         2d(1-17)  80%         4

Inventory:

Hand Weapons
 a - a +1 dagger of draining (weapon)
 m - a +0 spear
 z - a +0 whip of electrocution
Missiles
 p - a throwing net {=f}
 y - 3 poisoned darts
Jewellery
 s - an amulet of reflection (around mantle)
Wands
 r - a wand of polymorph (7)
 t - a wand of mindburst (4)
Scrolls
 b - 2 scrolls of vulnerability {unknown}
 e - 2 scrolls of blinking {unknown}
 f - 2 scrolls of amnesia {unknown}
 g - a scroll of teleportation {unknown}
 h - 3 scrolls of identify {unknown}
 i - a scroll of torment {unknown}
 j - a scroll of enchant weapon {unknown}
 n - a scroll of summoning {unknown}
 q - a scroll of immolation {unknown}
 v - a scroll of noise {unknown}
 w - a scroll of brand weapon {unknown}
Potions
 c - 2 potions of curing {unknown}
 d - 3 potions of lignification {unknown}
 k - 2 potions of mutation {unknown}
 l - 3 potions of heal wounds {unknown}
 o - 2 potions of flight {unknown}
 u - a potion of resistance {unknown}
 x - a potion of magic

Dungeon Overview and Level Annotations

Branches:
Dungeon (5/15)             Temple (1/1) D:4

Altars:
Ashenzari
Cheibriados
Dithmenos
Elyvilon
Fedhas
Gozag
Hepliaklqana
Kikubaaqudgha
Okawaru
Ru
Uskayaw
Vehumet
Wu Jian
Xom
Yredelemnul
Zin
The Shining One

Shops:
D:3

=
#'#...#'#.#...........#.#'####.##
..##▒##...##.........##...##▒#.##
....#......'.......)))......##.##
....#......##...).).##......#..##
....#.......#.......#.......#....
....+.......▒###'###▒.......+.. #
....#.......#.......#.......# #
....#......##...5...##......# ##
....#......'....@....'......# ..
..##▒##...##.........##...##▒# #
#'#...#'#.#...........#.#+# #. #
#......†##▒##.......##▒## ##.##
..........#.#+#...#'#.# .....
.........##...##▒##...## #..##...
.........'......#......+ ...#####
#.......##......#......##...# #
#.......#.......#.......##..# #


You could see an ufetubus.


Message History

You block the ufetubus's attack. You block the ufetubus's attack.
The ufetubus misses you.
There is an escape hatch in the ceiling here.
The ufetubus hits you.
* * * LOW HITPOINT WARNING * * *
The ufetubus hits you.
* * * LOW HITPOINT WARNING * * *
A mysterious force pulls you upwards. The hatch slams shut behind you.
Unknown command.
Casting: Vampiric Draining (dangerous; 4% risk of failure)
Confirm with . or Enter, or press ? or * to list all spells.
You can't see any susceptible monsters within range! (Use Z to cast anyway.) Unknown command.
Unknown command.
You completely miss the ufetubus. Your grab misses the ufetubus.
Your squeeze misses the ufetubus. The ufetubus misses you.
You block the ufetubus's attack. The ufetubus hits you.
* * * LOW HITPOINT WARNING * * *
You block the ufetubus's attack.
You hit the ufetubus but do no damage. You grab the ufetubus.
You constrict the ufetubus. The ufetubus closely misses you.
You block the ufetubus's attack.
You hit the ufetubus but do no damage.
You squeeze the ufetubus, but do no damage.
The ufetubus is lightly wounded.
You constrict the ufetubus. The ufetubus hits you.
* * * LOW HITPOINT WARNING * * *
You block the ufetubus's attack. The ufetubus hits you.
You die...
Kikubaaqudgha rasps: "You have failed me!
Welcome... death!"

Skill      XL: |  1  2  3  4  5  6  7 |
---------------+----------------------+-----
Stealth        | 3 4 |  4.8
Fighting       | 1 2 |  2.2
Spellcasting   | 3 4 |  4.1
Evocations     | 1 2 |  2.1
Dodging        | 3 |  3.3
Necromancy     | 5 |  5.5

Action                     |  1- 3 |  4- 6 |  7- 9 || total
---------------------------+-------+-------+-------++-------
  Melee: Unarmed           |    95 |    99 |       ||   194
         Constrict         |    26 |    14 |     7 ||    47
         Tentacles         |    21 |    17 |     3 ||    41
         Punch             |       |     2 |     1 ||     3
         Spear             |       |    11 |     1 ||    12
         Dagger            |       |       |    27 ||    27
  Throw: Dart              |       |     3 |       ||     3
   Cast: Necrotise         |    17 |    13 |       ||    30
         Vampiric Draining |       |     4 |     4 ||     8
  Evoke: Wand              |       |    12 |       ||    12
   Stab: Sleeping          |     7 |     8 |     4 ||    19
 Armour: Skin              |    11 |     6 |     3 ||    20
  Dodge: Dodged            |    64 |    62 |    32 ||   158
  Block: Other             |       |    10 |    18 ||    28
         Reflection        |       |     2 |       ||     2

Levels and vault maps discovered:
D:1:      lemuel_arrival_lava_pool, layout_basic, minmay_misc_feat_columns,
          kennysheep_another_room, minmay_strange_pillars, chequers_jeans,
          serial_park_tiny_2, minmay_misc_feat_secret_circle,
          lexackson_kobold_supper
D:2:      layout_loops_cross, basic_altar, shapermc_ecumenical_altar_hornbeckon,
          uniq_robin
D:3:      layout_basic, grunt_temple_overflow_gold_and_silver,
          nicolae_ashenzari_panopticon, serial_shops,
          nicolae_shop_getting_attention
D:4:      nicolae_cairo_tiling_very_big, layout_basic, minmay_misc_feat_tiny,
          chequers_decorated_corner, uniq_duvessa
D:5:      layout_loops_ring, lemuel_blue_sif_altar
Temple:   eino_narrow_crystal_temple

Notes
Turn   | Place    | Note
-------+----------+-------------------------------------------
     0 | D:1      | Jeffwins the Octopode Necromancer began the quest for the
                  | Orb.
     0 | D:1      | Reached XP level 1. HP: 11/11 MP: 3/3
   193 | D:1      | Reached XP level 2. HP: 17/18 MP: 5/5
   196 | D:1      | Reached skill level 3 in Stealth
   669 | D:1      | Reached XP level 3. HP: 21/22 MP: 6/6
   673 | D:1      | Learned a level 3 spell: Vampiric Draining
  1220 | D:2      | Found a basalt altar of Yredelemnul.
  1250 | D:2      | Noticed Robin
  1288 | D:2      | Killed Robin
  1289 | D:2      | Reached skill level 1 in Fighting
  1301 | D:2      | HP: 2/23 [goblin/+0 dagger[Robin] (6)]
  1304 | D:2      | Reached XP level 4. HP: 4/28 MP: 2/8
  2107 | D:2      | Found a faded altar of an unknown god.
  2229 | D:3      | Found a broken altar of Ashenzari.
  2438 | D:3      | Reached skill level 3 in Spellcasting
  2438 | D:3      | Reached XP level 5. HP: 18/33 MP: 9/9
  2441 | D:3      | Reached skill level 4 in Stealth
  2558 | D:3      | Found Luerr's Jewellery Emporium.
  2588 | D:3      | Found an opulent altar of Gozag.
  2588 | D:3      | Found a glowing silver altar of Zin.
  2693 | D:3      | Reached skill level 1 in Evocations
  2809 | D:4      | Noticed a steam dragon
  2814 | D:4      | Killed a steam dragon
  2815 | D:4      | Reached skill level 3 in Dodging
  2815 | D:4      | Reached skill level 5 in Necromancy
  2815 | D:4      | Reached XP level 6. HP: 39/39 MP: 8/11
  2971 | D:4      | Noticed Dowan
  2974 | D:4      | Noticed Duvessa
  3084 | D:4      | Killed Duvessa
  3085 | D:4      | Reached skill level 2 in Fighting
  3085 | D:4      | Reached XP level 7. HP: 24/45 MP: 5/12
  3165 | D:4      | Killed Dowan
  3166 | D:4      | Reached skill level 4 in Spellcasting
  3258 | D:4      | Reached skill level 2 in Evocations
  3311 | D:4      | Found a staircase to the Ecumenical Temple.
  3329 | Temple   | Entered the Ecumenical Temple
  3469 | Temple   | Became a worshipper of Kikubaaqudgha
  3557 | D:4      | You fall into a shaft and drop 1 floor!
  3557 | D:5      | Entered Level 5 of the Dungeon
  3584 | D:4      | Slain by an ufetubus

Vanquished Creatures
  A steam dragon (D:4)
  Duvessa (D:4)
  Dowan (D:4)
  2 orc priests (D:3)
  A sleepcap (D:4)
  2 orc wizards
  Robin (D:2)
  5 gnolls
  An adder (D:2)
  2 worms
  2 dart slugs
  5 orcs
  6 endoplasms
  A giant cockroach (D:4)
  16 goblins
  8 hobgoblins
  3 quokkas
  7 ball pythons
  3 bats
  6 frilled lizards
  13 kobolds
  2 rats
89 creatures vanquished.

Vanquished Creatures (collateral kills)
  A gnoll (D:3)
  A goblin (D:2)
  A rat (D:1)
3 creatures vanquished.

Vanquished Creatures (others)
  11 plants (D:1)
11 creatures vanquished.

Grand Total: 103 creatures vanquished

Table legend: (Time is in decaauts)
 A = Elapsed time spent in this place.
 B = Non-inter-level travel time spent in this place.
 C = Inter-level travel time spent in this place.
 D = Time resting spent in this place.
 E = Time spent auto-exploring this place.
 F = Levels seen in this place.
 G = Mean time per level.
                   A        B        C        D        E       F      G
               +--------+--------+--------+--------+--------+-----+--------+
         Total |   3582 |   3506 |     76 |    249 |   2526 |   6 |  597.0 |
       Dungeon |   3427 |   3384 |     43 |    249 |   2412 |   5 |  685.4 |
        Temple |    155 |    122 |     33 |      0 |    114 |   1 |  155.0 |
               +--------+--------+--------+--------+--------+-----+--------+

Top non-repeatable levels by time:
     D:1: 1147 daAuts
     D:2: 979 daAuts
     D:3: 822 daAuts
     D:4: 454 daAuts
  Temple: 155 daAuts
     D:5: 23 daAuts

Table legend:
 A = Non-vault XP
 B = Vault XP
 C = Vault XP percentage of total XP
 D = Non-vault monster count
 E = Vault monster count
 F = Vault count percentage of total count
                 A         B        C        D         E       F
            +---------+---------+-------+---------+---------+-------
      Total |     583 |     247 |  29.8 |      70 |      22 |  23.9
            +---------+---------+-------+---------+---------+-------
        D:1 |      34 |      11 |  24.4 |      20 |       8 |  28.6
        D:2 |      35 |      35 |  50.0 |      13 |      12 |  48.0
        D:3 |     185 |       0 |   0.0 |      16 |       0 |   0.0
        D:4 |     288 |     201 |  41.1 |      18 |       2 |  10.0
        D:5 |      41 |       0 |   0.0 |       3 |       0 |   0.0
            +---------+---------+-------+---------+---------+-------
